AoeStats
← charles.lmiranda

Arena

507634457Analyzed
3v3 RM · 14d ago on Sep 19, 2026· 49m 34s· 6 players
Game mode
Random Map
Map size
Normal (6 player)
Population
200
Speed
Normal
Resources
Standard
Victory
Conquest
Starting age
Dark Age
Ending age
Imperial Age
RankedLock teamsTeams togetherTeam positionsShared explorationLock speedFull tech treeHidden civsTurbo modeCheats
Victory
Defeat
🇺🇸 Franks · United States
813
+12
🇺🇸 Britons · United States
724
+16
🇷🇺 Poles · Russia
724
+16
🇨🇦 Bohemians · Canada
827
-19
🇧🇷 Burgundians · Brazil
810
-18
🇨🇦 Persians · Canada
519
-11
thiagopri
10:34 Feudal Age
11:08 Horse Collar
11:20 Double-Bit Axe
12:16 Wheelbarrow
15:41 Heavy Plow
15:53 Bow Saw
20:33 Castle Age
19:06 Stone Mining
19:09 Gold Mining
19:52 Scale Mail Armor
20:37 Forging
24:24 Chain Mail Armor
27:00 Gold Shaft Mining
27:03 Stone Shaft Mining
27:34 Iron Casting
28:54 Hand Cart
30:12 Scale Barding Armor
30:55 Burgundian Vineyards
31:41 Husbandry
35:28 Imperial Age
33:11 Cavalier
34:43 Chain Barding Armor
36:09 Paladin
37:30 Plate Barding Armor
37:57 Blast Furnace
Rique
11:30 Feudal Age
13:38 Double-Bit Axe
18:08 Castle Age
19:01 Fletching
19:13 Padded Archer Armor
21:31 Leather Archer Armor
23:07 Crossbowman
24:42 Horse Collar
26:50 Chemistry
36:14 Imperial Age
34:53 Ballistics
35:45 Wheelbarrow
34:57 Loom
38:07 Bodkin Arrow
38:43 Ring Archer Armor
40:27 Bracer
charles.lmiranda
12:10 Feudal Age
14:38 Double-Bit Axe
14:48 Gold Mining
19:24 Horse Collar
20:55 Scale Barding Armor
24:08 Castle Age
24:44 Heavy Plow
25:01 Bow Saw
27:08 Gold Shaft Mining
30:53 Loom
31:45 Wheelbarrow
35:39 Imperial Age
33:36 Stone Mining
34:26 Hand Cart
35:53 Elite War Elephant
39:56 Crop Rotation
fatfatfattie
11:42 Feudal Age
16:17 Castle Age
14:22 Double-Bit Axe
15:19 Stone Mining
15:23 Gold Mining
17:50 Bow Saw
19:53 Stone Mining
25:06 Wheelbarrow
24:33 Fletching
24:48 Husbandry
25:57 Gold Shaft Mining
25:12 Loom
27:04 Scale Barding Armor
27:09 Forging
27:00 Bodkin Arrow
30:02 Chain Barding Armor
33:30 Imperial Age
31:18 Hand Cart
31:46 Iron Casting
32:10 Town Watch
34:27 Cavalier
35:46 Plate Barding Armor
35:21 Caravan
38:15 Capped Ram
38:50 Paladin
41:11 Chemistry
40:19 Siege Engineers
43:40 Blast Furnace
43:21 Chivalry
48:07 Ballistics
Smart_ass
12:15 Feudal Age
12:36 Horse Collar
12:50 Double-Bit Axe
16:09 Stone Mining
19:08 Forging
18:59 Scale Mail Armor
21:15 Castle Age
19:28 Gold Mining
20:44 Scale Barding Armor
20:30 Fletching
20:41 Padded Archer Armor
22:12 Wheelbarrow
23:18 Heavy Plow
23:32 Bow Saw
26:09 Husbandry
30:56 Imperial Age
31:34 Iron Casting
31:15 Chain Mail Armor
31:41 Chain Barding Armor
31:40 Cavalier
33:53 Bloodlines
35:09 Blast Furnace
34:39 Plate Mail Armor
37:10 Stone Shaft Mining
37:10 Crop Rotation
36:57 Hand Cart
36:39 Town Watch
36:26 Elite Obuch
42:07 Squires
44:02 Hoardings
42:59 Sappers
43:46 Town Patrol
43:35 Loom
45:47 Arson
45:23 Pikeman
45:26 Light Cavalry
46:24 Leather Archer Armor
46:04 Bodkin Arrow
47:12 Chemistry
46:33 Ballistics
46:09 Murder Holes
45:55 Treadmill Crane
46:25 Masonry
46:27 Fortified Wall
50:05 Bracer
Phantom Knight
13:43 Feudal Age
14:48 Gold Mining
14:45 Horse Collar
14:53 Double-Bit Axe
17:00 Wheelbarrow
16:36 Stone Mining
22:17 Castle Age
25:46 Gold Shaft Mining
26:13 Bow Saw
26:05 Heavy Plow
26:51 Fletching
27:23 Hand Cart
30:15 Fortified Wall
30:42 Caravan
33:13 Bodkin Arrow
33:29 Forging
40:37 Imperial Age
45:54 Elite Longbowman
48:02 Chemistry
49:07 Iron Casting
48:33 Bracer
48:36 Padded Archer Armor
Connection lost

Rejoining the realm…

Still unreachable

The connection could not be restored.

Session expired

The server has moved on; the page needs a fresh start.